 Dungeon Crawl Stone Soup version 0.30-a0-29-g142975f185 (webtiles) character file.

Game seed: 17361120964448272496

14000 Ijustatesigmund the Fighter (level 12, -12/118 HPs)
             Began as a Gargoyle Fighter on Aug 26, 2022.
             Was a Believer of Cheibriados.
             Killed from afar by a rakshasa (illusionary) (29 damage)
             ... with a lance of force
             ... on level 12 of the Dungeon.
             The game lasted 00:32:57 (15274 turns).

Ijustatesigmund the Fighter (Gargoyle Fighter)     Turns: 15274, Time: 00:32:57

Health: -12/118    AC: 33    Str: 25    XL:     12   Next: 11%
Magic:  15/17      EV:  2    Int: 17    God:    Cheibriados [**....]
Gold:   1379       SH:  4    Dex: 13    Spells: 14/15 levels left

rFire   . . .      SeeInvis .    a - +2 flail (protect)
rCold   . . .      Faith    .    c - +0 buckler
rNeg    + + .      Spirit   .    (body armour currently unavailable)
rPois   ∞          Reflect  .    (helmet currently unavailable)
rElec   .          Harm     .    (cloak currently unavailable)
rCorr   .          Rampage  .    (gloves currently unavailable)
Will    .....      NoTele   +    (boots currently unavailable)
Stlth   +.........               (no amulet)
HPRegen 0.29/turn                x - +4 ring of evasion
MPRegen 0.15/turn                u - ring of positive energy

@: tree-form, under a protective aura, invisible, very slow
A: stationary, stasis, torment immunity, boosted hp, sickness immunity, AC +8,
negative energy resistance 1, (electricity resistance), torment resistance 1,
petrification resistance
a: Renounce Religion, Bend Time


You were on level 12 of the Dungeon.
You worshipped Cheibriados.
Cheibriados was pleased with you.
You were a tree.
You visited 1 branch of the dungeon, and saw 12 of its levels.

You collected 1631 gold pieces.
You spent 252 gold pieces at shops.

Inventory:

Hand Weapons
 a - a +2 flail of protection (weapon)
 e - a +2 morningstar
Missiles
 s - 46 poisoned darts (quivered)
Armour
 b - a +0 chain mail (melded)
 c - a +0 buckler (worn)
 d - a +1 pair of boots (melded)
 v - a +1 cloak (melded)
 O - a +0 pair of gloves (melded)
Magical Staves
 t - a staff of conjuration
 A - a staff of earth
Jewellery
 i - a +6 ring of intelligence
 u - a ring of positive energy (right branch)
 x - a +4 ring of evasion (left branch)
 D - a ring of ice
 F - a ring of protection from fire
 G - a ring of resist corrosion
 H - a ring of positive energy
 J - a ring of protection from fire
Wands
 y - a wand of charming (1)
 z - a wand of polymorph (5)
 I - a wand of flame (2)
 M - a wand of digging (6)
Scrolls
 j - a scroll of enchant weapon
 l - 2 scrolls of poison
 m - a scroll of enchant armour
 p - a scroll of blinking
 q - 2 scrolls of teleportation
 w - 2 scrolls of magic mapping
 E - 3 scrolls of fog
 N - a scroll of identify
Potions
 f - 2 potions of brilliance
 h - 4 potions of flight
 k - 2 potions of curing
 n - 2 potions of resistance
 o - a potion of magic
 B - a potion of mutation
 K - a potion of invisibility


   Skills:
 - Level 10.9 Fighting
 + Level 9.3 Maces & Flails
 - Level 6.9 Armour
 - Level 5.2 Dodging
 - Level 3.2 Shields
 + Level 2.1 Spellcasting
 - Level 5.7 Conjurations
 + Level 7.8 Invocations
 - Level 6.0 Evocations


You had 14 spell levels left.
You knew the following spells:

 Your Spells              Type           Power      Damage    Failure   Level
a - Magic Dart            Conj           84%        1d7       2%          1

Your spell library contained the following spells:

 Spells                   Type           Power      Damage    Failure   Level
 Searing Ray              Conj           42%        2d6       3%          2
 Shock                    Conj/Air       44%        1d5       8%          1
 Apportation              Tloc           2%         N/A       26%         1
 Necrotise                Necr           4%         1d4       26%         1
 Summon Small Mammal      Summ           4%         N/A       26%         1
 Gell's Gravitas          Tloc           1%         N/A       58%         3
 Lesser Beckoning         Tloc           1%         N/A       58%         3
 Summon Guardian Golem    Hex/Summ       1%         N/A       58%         3
 Swiftness                Air            1%         N/A       58%         3
 Teleport Other           Tloc           1%         N/A       58%         3
 Tukima's Dance           Hex            1%         N/A       58%         3
 Fulminant Prism          Conj/Hex       5%         3d7       61%         4
 Irradiate                Conj/Tmut      5%         3d13      91%         5
 Airstrike                Air            0%         2d(1-17)  94%         4
 Corpse Rot               Necr/Pois/Air  1%         N/A       94%         4
 Passage of Golubria      Tloc           1%         N/A       94%         4
 Petrify                  Tmut/Erth      1%         N/A       94%         4
 Yara's Violent Unravell  Hex/Tmut       0%         3d3       100%        5
 Dispersal                Tloc           0%         N/A       100%        6
 Orb of Destruction       Conj           10%        9d6       100%        7
 Spellforged Servitor     Conj/Summ      5%         N/A       100%        7
 Sublimation of Blood     Necr           Unusable   N/A       N/A         2

Dungeon Overview and Level Annotations

Branches:
Dungeon (12/15)            Temple (0/1) D:7            Lair (0/5) D:8
    Orc (0/2) D:12

Altars:
Cheibriados
Dithmenos
Elyvilon
Hepliaklqana
Nemelex Xobeh
Okawaru
Qazlal
Sif Muna
Trog
Vehumet
Xom
Yredelemnul
Zin
The Shining One

Shops:
D:6 ?


Innate Abilities, Weirdness & Mutations

You are a tree.
Your roots penetrate the ground, keeping you stationary.
You cannot be teleported.
You are immune to unholy pain and torment.
Your maximum health is greatly increased.
Your equipment is partially melded.
You are immune to sickness and miasma.
((Your stone body is resilient. (AC +8)))
You are immune to poison.
You resist negative energy. (rN+)
((You are resistant to electric shocks. (rElec)))
You are resistant to unholy torment.
You are immune to petrification.


Message History

Aim: a yaktaur, quivering stones (unable to see you, chance to affect: 71%)
The yaktaur's mind is blasted!!
You blow up the yaktaur!
The yaktaur's corpse shimmers and vanishes!
The now-empty wand crumbles to dust.
The great orb of eyes bites you but does no damage.
You hit the rakshasa.
Your weapon exudes an aura of protection.
The rakshasa is lightly wounded.
The rakshasa hits you but does no damage.
You thump the rakshasa!
The rakshasa is lightly wounded.
The yaktaur shoots a bolt.
The bolt misses the rakshasa.
The bolt barely misses you.
You block the great orb of eyes's attack.
The rakshasa hits you but does no damage.
You sock the rakshasa!
The rakshasa is moderately wounded.
The great orb of eyes bites you but does no damage.
You sock the rakshasa!
The rakshasa is heavily wounded.
The injured rakshasa weaves a defensive illusion!
The rakshasa hits you but does no damage.
You closely miss the rakshasa.
The rakshasa is heavily wounded.
The great orb of eyes is no longer moving slowly.
The rakshasa hits you with a +0 whip!
* * * LOW HITPOINT WARNING * * *
The rakshasa blinks!
The rakshasa hits you but does no damage.
The yaktaur shoots a bolt.
The bolt hits the rakshasa!
The rakshasa dies!
The rakshasa shimmers and vanishes!
The great orb of eyes gazes at you.
You are confused.
You hear a shout!
You feel better. The rakshasa gestures at you. The lance of force hits you!!
You die...

#.....###
###.....#
#.....##
#......##
###.....# #
#.....# #..
#.....#
###..###...#
....c§.♣...#
......RG...#
############


You could see a great orb of eyes, a rakshasa and a yaktaur (unable to see you).

Vanquished Creatures
  A catoblepas (D:8)
  A boulder beetle (D:9)
  A centaur warrior (D:8)
  A two-headed ogre (D:11)
  A harpy (shapeshifter) (D:12)
  An ugly thing (D:9)
  3 cyclopes
  A manticore (D:11)
  2 kobold demonologists (D:9)
  A komodo dragon (D:8)
  A freezing wraith (D:9)
  2 trolls
  A hornet (shapeshifter) (D:12)
  2 hornets
  A culicivora (shapeshifter) (D:12)
  A wyvern (D:9)
  A shadow (D:10)
  2 wraiths
  A golden eye (D:10)
  14 yaks
  A steam dragon (D:8)
  An acid dragon (D:11)
  A water moccasin (D:5)
  3 sky beasts
  2 ice beasts (D:7)
  2 orc warriors (D:10)
  4 black bears
  2 centaurs
  A phantom (D:6)
  Blork the orc (D:5)
  6 kobold brigands
  3 bullfrogs
  3 scorpions (D:6)
  A gnoll sergeant (D:9)
  A necrophage (D:7)
  9 wights
  10 howler monkeys
  An electric eel (D:11)
  3 hounds
  4 orc priests
  Crazy Yiuf (D:7)
  2 iguanas (D:7)
  14 orc wizards
  5 adders
  8 gnolls
  2 shadow imps (D:8)
  An ufetubus (D:7)
  A worm (D:2)
  5 dart slugs
  27 orcs
  4 bats
  7 endoplasms
  7 hobgoblins
  3 quokkas
  6 ball pythons
  3 frilled lizards (D:1)
  5 goblins
  16 kobolds
  7 rats
222 creatures vanquished.

Vanquished Creatures (collateral kills)
  A yak (D:11)
  2 centaurs (D:11)
3 creatures vanquished.

Vanquished Creatures (others)
  A centaur (D:11)
  6 fungi (D:5)
  11 plants (D:8)
18 creatures vanquished.

Grand Total: 243 creatures vanquished

Notes
Turn   | Place    | Note
-------+----------+-------------------------------------------
     0 | D:1      | Ijustatesigmund the Gargoyle Fighter began the quest for
                  | the Orb.
     0 | D:1      | Reached XP level 1. HP: 14/14 MP: 1/1
   253 | D:1      | Reached XP level 2. HP: 19/19 MP: 2/2
  1184 | D:1      | Reached XP level 3. HP: 24/24 MP: 3/3
  1216 | D:1      | Found a faded altar of an unknown god.
  1216 | D:1      | Noticed a soul eater
  1495 | D:2      | Reached skill level 4 in Fighting
  2299 | D:3      | Got Urphuqoi's Cyclopedia of Topological Pestilence
  2540 | D:3      | Reached XP level 4. HP: 29/29 MP: 4/4
  3755 | D:4      | Reached XP level 5. HP: 13/34 MP: 5/5
  4111 | D:4      | Identified the +3 shortbow "Newtbane" {freeze, rF+ Str+5}
  4842 | D:5      | Entered Level 5 of the Dungeon
  4878 | D:5      | Noticed Blork the orc
  4892 | D:5      | Killed Blork the orc
  4893 | D:5      | Reached skill level 5 in Fighting
  4893 | D:5      | Reached XP level 6. HP: 16/40 MP: 6/6
  5191 | D:5      | Reached skill level 5 in Armour
  5386 | D:5      | Noticed a black bear
  5390 | D:5      | Killed a black bear
  5391 | D:5      | Reached XP level 7. HP: 36/45 MP: 7/7
  5510 | D:5      | Reached skill level 6 in Fighting
  5510 | D:5      | Reached skill level 5 in Maces & Flails
  5869 | D:5      | Found a stormy altar of Qazlal.
  6016 | D:6      | Found a basalt altar of Yredelemnul.
  6017 | D:6      | Found a shimmering altar of Xom.
  6019 | D:6      | Found a radiant altar of Vehumet.
  6046 | D:6      | Reached XP level 8. HP: 39/52 MP: 8/8
  6122 | D:6      | Found a glowing golden altar of the Shining One.
  6135 | D:6      | Found a bloodstained altar of Trog.
  6187 | D:6      | Found Keap's Magic Scroll Shoppe.
  6206 | D:6      | Bought a scroll of identify for 24 gold pieces
  6206 | D:6      | Bought a scroll of blinking for 90 gold pieces
  6206 | D:6      | Bought a scroll of magic mapping for 90 gold pieces
  6206 | D:6      | Bought a scroll of identify for 24 gold pieces
  6206 | D:6      | Bought a scroll of identify for 24 gold pieces
  6429 | D:6      | Reached skill level 1 in Dodging
  6624 | D:6      | Found a white marble altar of Elyvilon.
  6643 | D:6      | Reached skill level 7 in Fighting
  7172 | D:7      | Found Jivuakh's Jewellery Shop.
  7221 | D:7      | Reached XP level 9. HP: 59/59 MP: 9/9
  7226 | D:7      | Found a staircase to the Ecumenical Temple.
  7241 | D:7      | Reached skill level 8 in Fighting
  7557 | D:7      | Found a runed translucent door.
  7557 | D:7      | Noticed Crazy Yiuf
  7569 | D:7      | Killed Crazy Yiuf
  7986 | D:7      | Found a sparkling altar of Nemelex Xobeh.
  8502 | D:8      | Noticed a cyclops
  8502 | D:8      | Noticed a catoblepas
  8503 | D:8      | Noticed a brown ugly thing
  8503 | D:8      | Noticed a troll
  9144 | D:8      | Killed a catoblepas
  9145 | D:8      | Reached skill level 9 in Fighting
  9145 | D:8      | Reached skill level 5 in Dodging
  9145 | D:8      | Reached XP level 10. HP: 26/66 MP: 10/10
  9430 | D:8      | Identified the +9 falchion of Ihan {drain, rN+ Will+
                  | Stlth+}
  9456 | D:8      | Found a staircase to the Lair.
 10064 | D:8      | Noticed a centaur warrior
 10079 | D:8      | Killed a centaur warrior
 10080 | D:8      | Reached skill level 1 in Evocations
 10365 | D:8      | Reached skill level 10 in Fighting
 10603 | D:8      | Killed a cyclops
 10756 | D:9      | Found a snail-covered altar of Cheibriados.
 10808 | D:9      | Became a worshipper of Cheibriados the Contemplative
 10852 | D:9      | Noticed a boulder beetle
 10862 | D:9      | Noticed a white ugly thing
 10895 | D:9      | Reached skill level 1 in Invocations
 10905 | D:9      | Killed a boulder beetle
 11387 | D:9      | Found an iron altar of Okawaru.
 11467 | D:9      | Learned a level 1 spell: Magic Dart
 11474 | D:9      | Found a shadowy altar of Dithmenos.
 11591 | D:9      | Found a shimmering blue altar of Sif Muna.
 11633 | D:9      | Killed a white ugly thing
 11634 | D:9      | Reached skill level 1 in Conjurations
 11634 | D:9      | Reached skill level 5 in Evocations
 11634 | D:9      | Reached XP level 11. HP: 72/72 MP: 14/14
 11783 | D:10     | Entered Level 10 of the Dungeon
 11813 | D:10     | Noticed a sixfirhy
 12139 | D:9      | Noticed a soul eater
 12142 | D:9      | Reached * piety under Cheibriados
 12161 | D:9      | Reached skill level 5 in Invocations
 12385 | D:10     | Found a glowing silver altar of Zin.
 12394 | D:10     | Found a hazy altar of Hepliaklqana.
 13788 | D:11     | Noticed a two-headed ogre
 13794 | D:11     | Killed a two-headed ogre
 13795 | D:11     | Reached skill level 5 in Conjurations
 14023 | D:11     | Identified a scroll of acquirement
 14024 | D:11     | Acquired 903 gold pieces
 14033 | D:11     | Noticed a manticore
 14041 | D:11     | Killed a manticore
 14159 | D:11     | Noticed a cyclops
 14183 | D:11     | Killed a cyclops
 14339 | D:11     | Found a white marble altar of Elyvilon.
 14466 | D:11     | Reached ** piety under Cheibriados
 14746 | D:12     | Found a staircase to the Orcish Mines.
 14755 | D:12     | Noticed a cyclops
 14776 | D:12     | Killed a cyclops
 14777 | D:12     | Reached skill level 1 in Spellcasting
 14777 | D:12     | Reached XP level 12. HP: 61/79 MP: 17/17
 14934 | D:12     | Identified the +1 leather armour of Dull Lucidity {rN+}
 15254 | D:12     | Noticed a great orb of eyes
 15257 | D:12     | Noticed a rakshasa
 15263 | D:12     | HP: 2/118 [yaktaur (6)]
 15274 | D:12     | Killed from afar by a rakshasa (illusionary)

Illustrated notes

Levels and vault maps discovered:
D:1:      dpeg_arrival_rhombus, layout_loops_ring,
          dreamdust_ecumenical_altar_sealed_demon, kennysheep_crisscross
D:2:      layout_basic, minmay_misc_feat_x
D:3:      layout_loops_cross
D:4:      layout_cave_pools
D:5:      layout_loops_ring, mainiacjoe_overflow_boulevard, uniq_blork_the_orc
D:6:      layout_rooms, grunt_temple_overflow_open,
          mainiacjoe_overflow_24_doors, serial_shops, shop
D:7:      layout_basic, marbit_many_paths, temple_fountains, serial_shops,
          nicolae_shop_trees, uniq_crazy_yiuf_cottage
D:8:      layout_basic, david_lair_shrubbed, minmay_shattered_shrine
D:9:      minmay_cornered_nines, layout_rooms,
          mainiacjoe_overflow_concentric_impassable, kennysheep_little_box,
          grunt_dithmenos_smoke, mainiacjoe_overflow_paths
D:10:     layout_rooms, mainiacjoe_overflow_swirl, serial_rivers,
          chequers_serial_rivers_small_b, chequers_serial_rivers_small_a,
          chequers_serial_rivers_room_b, chequers_serial_rivers_micro_e,
          chequers_serial_rivers_small_b
D:11:     layout_gridville, chequers_decorated_corner, kennysheep_cross_room,
          elyvilon_altar_1
D:12:     minmay_stepped, layout_gridville, orc_0_dummy,
          kennysheep_another_room, nicolae_ashenzari_panopticon

Skill      XL: |  1  2  3  4  5  6  7  8  9 10 11 12 |
---------------+-------------------------------------+-----
Fighting       | 4 5 6 7 9 10 | 10.9
Maces & Flails | 3 4 5 6 8 9 |  9.3
Armour         | 4 5 6 |  6.9
Dodging        | 3 5 |  5.2
Evocations     | 5 6 |  6.0
Invocations    | 4 7 |  7.8
Conjurations   | 1 5 |  5.7
Spellcasting   | 1 2 |  2.1
Shields        | |  3.2

Action                   |  1- 3 |  4- 6 |  7- 9 | 10-12 || total
-------------------------+-------+-------+-------+-------++-------
Melee: Flail             |   117 |   133 |   398 |   514 ||  1162
Throw: Dart              |       |    15 |     4 |    36 ||    55
Invok: Bend Time         |       |       |       |     2 ||     2
Evoke: Wand              |       |       |       |    37 ||    37
  Use: Potion            |     1 |     5 |     3 |    10 ||    19
       Scroll            |     9 |     4 |    14 |     8 ||    35
 Stab: Invisible         |       |       |     3 |       ||     3
Armor: Scale mail        |    13 |       |       |       ||    13
       Chain mail        |    52 |    97 |   254 |   340 ||   743
       Skin              |       |    33 |       |    44 ||    77
Dodge: Dodged            |    51 |    60 |   133 |   363 ||   607
Block: Buckler           |    21 |    28 |    72 |   115 ||   236

Table legend: (Time is in decaauts)
 A = Elapsed time spent in this place.
 B = Non-inter-level travel time spent in this place.
 C = Inter-level travel time spent in this place.
 D = Time resting spent in this place.
 E = Time spent auto-exploring this place.
 F = Levels seen in this place.
 G = Mean time per level.
                   A        B        C        D        E       F      G
               +--------+--------+--------+--------+--------+-----+--------+
         Total |  16191 |  15871 |    320 |   5053 |   8282 |  12 | 1349.2 |
       Dungeon |  16191 |  15871 |    320 |   5053 |   8282 |  12 | 1349.2 |
               +--------+--------+--------+--------+--------+-----+--------+

Top non-repeatable levels by time:
     D:9: 2378 daAuts
     D:8: 2156 daAuts
     D:7: 1760 daAuts
     D:3: 1376 daAuts
     D:1: 1290 daAuts
     D:4: 1214 daAuts
     D:5: 1165 daAuts
    D:11: 1143 daAuts
    D:10: 1072 daAuts
     D:2: 1029 daAuts
     D:6: 843 daAuts
    D:12: 760 daAuts
